 Dungeon Crawl Stone Soup version 0.31-a0-1576-ga3383bade6 (webtiles) character file.

Game seed: 14866874995994486776

1646 MisterAzrael the Reanimator (level 8, -2/41 HPs)
             Began as a Deep Elf Necromancer on Jan 5, 2024.
             Killed from afar by an electric eel (13 damage)
             ... with a bolt of electricity
             ... on level 6 of the Dungeon.
             The game lasted 00:15:42 (8110 turns).

MisterAzrael the Reanimator (Deep Elf Necromancer)  Turns: 8110, Time: 00:15:42

Health: -2/41      AC: 10    Str:  5    XL:     8   Next: 67%
Magic:  21/21      EV: 12    Int: 23    God:
Gold:   298        SH:  0    Dex: 15    Spells: 9/22 levels left

rFire   . . .        o - +4 dagger (protect)
rCold   . . .        E - orb {*channel}
rNeg    + . .        q - +0 leather armour {rN+}
rPois   .            (no helmet)
rElec   .            (no cloak)
rCorr   .            (no gloves)
SInv    +            (no boots)
Will    .....        z - amulet of regeneration
Stlth   ++           r - ring of see invisible
HPRegen 1.06/turn    (no ring)
MPRegen 0.17/turn

%: channel magic (20%)
@: under a protective aura
A: no striking features
a: no special abilities


You were on level 6 of the Dungeon.
You visited 1 branch of the dungeon, and saw 6 of its levels.
You also visited: Sewer.

You collected 298 gold pieces.

Inventory:

Hand Weapons
 f - a +0 whip of pain
 h - a +0 rapier
 o - a +4 dagger of protection (weapon)
Armour
 a - a +1 robe
 q - a +0 leather armour of positive energy (worn)
 v - an orb of guile
 A - a +1 robe of willpower
 E - an orb of energy (worn)
Jewellery
 r - a ring of see invisible (left hand)
 w - an amulet of the acrobat
 z - an amulet of regeneration (around neck)
 D - an amulet of magic regeneration
Wands
 s - a wand of paralysis (9)
 x - a wand of roots (14)
Scrolls
 c - 6 scrolls of teleportation
 m - a scroll of revelation
 n - a scroll of blinking
 t - a scroll of poison
 u - 2 scrolls of fog
 y - a scroll of enchant weapon
 B - a scroll of identify
 C - a scroll of amnesia {unknown}
Potions
 b - a potion of magic
 d - a potion of heal wounds {unknown}
 e - 2 potions of resistance
 g - a potion of attraction
 i - 2 potions of curing {unknown}
 j - a potion of mutation {unknown}
 k - 4 potions of berserk rage
 l - a potion of cancellation {unknown}
 p - a potion of might {unknown}


   Skills:
 + Level 4.8 Short Blades
 - Level 1.1 Maces & Flails
 - Level 3.3 Dodging
 - Level 2.4 Stealth
 + Level 7.7 Spellcasting
 * Level 10.4 Necromancy


You had 9 spell levels left.
You knew the following spells:

 Your Spells              Type           Power      Damage    Failure   Level
a - Necrotise             Necr           100%       1d9       1%          1
b - Vampiric Draining     Necr           54%        2d9       3%          3
c - Animate Dead          Necr           54%        N/A       7%          4
d - Curse of Agony        Necr           54%        N/A       14%         5

Your spell library contained the following spells:

 Spells                   Type           Power      Damage    Failure   Level
 Blink                    Tloc           16%        N/A       38%         2
 Lesser Beckoning         Tloc           16%        N/A       38%         2
 Momentum Strike          Conj/Tloc      16%        3d8       38%         2
 Dazzling Flash           Conj/Hex       16%        N/A       56%         3
 Gell's Gravitas          Tloc           8%         N/A       56%         3
 Teleport Other           Tloc           8%         N/A       56%         3
 Volatile Blastmotes      Fire/Tloc      16%        2d11      56%         3
 Starburst                Conj/Fire      4%         6d3       100%        6
 Maxwell's Capacitive Co  Air            4%         āˆž       100%        8


Dungeon Overview and Level Annotations

Branches:
Dungeon (6/15)              Sewer (visited)
 Temple: D:4-7

Altars:
Gozag
Nemelex Xobeh
Xom
Zin

Annotations:
D:5 2 runed translucent doors


Message History

Your weapon exudes an aura of protection.
The white imp is heavily wounded.
You hit the white imp.
The white imp is heavily wounded.
The white imp gestures at you. The puff of frost hits you!
You hit the white imp but do no damage.
The white imp is heavily wounded.
The white imp closely misses you.
You barely miss the white imp.
The white imp is heavily wounded.
The white imp hits you but does no damage.
You hit the white imp but do no damage.
The white imp is heavily wounded.
You hit the white imp but do no damage.
The white imp is heavily wounded.
The white imp hits you but does no damage.
You hit the white imp.
The white imp is severely wounded.
The white imp gestures at you. The puff of frost hits you.
You completely miss the white imp.
The white imp is severely wounded.
The white imp hits you but does no damage.
You hit the white imp.
The white imp is almost dead.
The white imp hits you but does no damage.
You hit the white imp but do no damage.
The white imp is almost dead.
You barely miss the white imp.
The white imp is almost dead.
The white imp hits you. The white imp freezes you.
You hit the white imp.
You kill the white imp!
The electric eel shoots out a bolt of lightning at you!
The bolt of electricity hits you!
* * * LOW HITPOINT WARNING * * *
The electric eel shoots out a bolt of lightning at you!
The bolt of electricity hits you!
You die...

## #.# #.# .....Pā™£.##.#
#.# ...ā‰ˆ$~..##.# #.# ##
..~~~~ā™£.##.## #.#
...~.~~~~.....# #.# #.
~~.SP.#.#.#####.# ..
............!..#
#.###...(....###.#
#.....@..........#
######<.....)##..#
#...............###
#.###....#####....# ##.
#.#...........# ##..
#.#.######..<.#
.###...###[#.# ###.#.###
.........)...####.......#
####.....<.....##.#.#.#.#


You could see an electric eel.

Vanquished Creatures
  Pargi (D:3)
  A black bear (D:6)
  An ogre (D:5)
  A crocodile (Sewer)
  2 phantoms
  2 kobold brigands (Sewer)
  A brain worm (Sewer)
  2 scorpions (D:6)
  4 hounds
  2 orc priests (D:6)
  2 iguanas
  2 sleepcaps
  4 orc wizards
  6 adders
  7 gnolls
  5 river rats (Sewer)
  3 shadow imps
  2 white imps
  3 ufetubi (D:6)
  A ribbon worm (D:3)
  8 orcs
  7 ball pythons
  7 endoplasms
  9 giant cockroaches
  9 goblins
  6 hobgoblins
  10 jackals
  4 quokkas
  7 bats
  5 frilled lizards
  10 kobolds
  6 rats
140 creatures vanquished.

Vanquished Creatures (collateral kills)
  An ogre (D:6)
  A shadow imp (D:6)
  An orc (D:6)
  A rat (Sewer)
4 creatures vanquished.

Vanquished Creatures (others)
  2 scorpion zombies (D:6)
  An ogre zombie (D:6)
  A hound zombie (D:6)
  3 orc zombies (D:6)
7 creatures vanquished.

Grand Total: 151 creatures vanquished

Notes
Turn   | Place    | Note
-------+----------+-------------------------------------------
     0 | D:1      | MisterAzrael the Deep Elf Necromancer began the quest for
                  | the Orb.
     0 | D:1      | Reached XP level 1. HP: 10/10 MP: 6/6
   166 | D:1      | Reached skill level 5 in Necromancy
   198 | D:1      | Reached XP level 2. HP: 14/15 MP: 6/8
  1122 | D:2      | Reached XP level 3. HP: 19/19 MP: 7/9
  1271 | D:2      | Found a faded altar of an unknown god.
  1754 | D:2      | Reached skill level 1 in Maces & Flails
  1754 | D:2      | Reached XP level 4. HP: 24/24 MP: 7/11
  1768 | D:2      | HP: 1/24 [gnoll/+0 halberd (8)]
  2111 | D:2      | Learned a level 3 spell: Vampiric Draining
  2116 | D:2      | Learned a level 4 spell: Animate Dead
  2422 | D:3      | Found a glowing drain.
  2473 | Sewer    | Entered a sewer
  2488 | Sewer    | Reached skill level 6 in Necromancy
  2557 | Sewer    | Noticed a kobold brigand
  2566 | Sewer    | Killed a kobold brigand
  2567 | Sewer    | Reached skill level 1 in Short Blades
  2567 | Sewer    | Reached XP level 5. HP: 15/28 MP: 6/13
  2993 | Sewer    | Reached skill level 7 in Necromancy
  2993 | Sewer    | Reached XP level 6. HP: 21/32 MP: 8/15
  3148 | Sewer    | Reached skill level 5 in Spellcasting
  3969 | D:3      | Noticed Pargi
  4146 | D:3      | Killed Pargi
  4147 | D:3      | Reached XP level 7. HP: 34/36 MP: 2/17
  4645 | D:4      | Reached skill level 8 in Necromancy
  5294 | D:4      | Found a sparkling altar of Nemelex Xobeh.
  5294 | D:4      | Found a glowing silver altar of Zin.
  5925 | D:5      | Entered Level 5 of the Dungeon
  5955 | D:5      | Found an opulent altar of Gozag.
  6252 | D:5      | Identified the +8 short sword of War {chaos, Will++ MP+9}
  6774 | D:5      | Reached skill level 9 in Necromancy
  6793 | D:5      | Reached XP level 8. HP: 40/41 MP: 9/20
  6803 | D:5      | Learned a level 5 spell: Curse of Agony
  6859 | D:5      | Found a large runed translucent door.
  6859 | D:5      | Found a large runed translucent door.
  6861 | D:5      | Found a shimmering altar of Xom.
  7701 | D:6      | Reached skill level 10 in Necromancy
  8110 | D:6      | Killed from afar by an electric eel

Illustrated notes

Levels and vault maps discovered:
D:1:      saegor_arrival_simple_c, layout_basic, serial_park_tiny_2
D:2:      layout_loops_ring, hellmonk_ecumenical_altar_inner_sanctum
D:3:      layout_basic, cheibrodos_sewer_entry_bend, uniq_pargi
D:4:      layout_loops_ring, gammafunk_temple_overflow_elements,
          kennysheep_generic_room_7
D:5:      due_chaos_kobolds, layout_loops_ring, grunt_gozag_breadcrumbs
D:6:      layout_loops_ring, serial_demonic, serial_demonic_a, serial_demonic_f,
          serial_demonic_f, serial_demonic_f

Skill      XL: |  1  2  3  4  5  6  7  8 |
---------------+-------------------------+-----
Necromancy     | 5 6 7 9 10 | 10.4
Dodging        | 3 |  3.3
Maces & Flails | 1 |  1.1
Spellcasting   | 4 5 6 7 |  7.7
Short Blades   | 1 2 3 4 |  4.8
Stealth        | |  2.4

Action                     |  1- 3 |  4- 6 |  7- 9 || total
---------------------------+-------+-------+-------++-------
  Melee: Whip              |    53 |     4 |       ||    57
         Dagger            |       |     9 |   325 ||   334
         Rapier            |       |     3 |       ||     3
         Punch             |       |       |     3 ||     3
   Cast: Necrotise         |    43 |    85 |    27 ||   155
         Vampiric Draining |       |    11 |    17 ||    28
         Animate Dead      |       |       |     4 ||     4
         Curse of Agony    |       |       |     1 ||     1
    Use: Scroll            |     1 |     6 |     3 ||    10
         Potion            |       |       |     3 ||     3
   Stab: Sleeping          |     3 |       |     3 ||     6
 Armour: Robe              |    35 |    28 |     8 ||    71
         Leather armour    |       |       |   203 ||   203
  Dodge: Dodged            |    46 |    38 |   211 ||   295

Table legend: (Time is in decaauts)
 A = Elapsed time spent in this place.
 B = Non-inter-level travel time spent in this place.
 C = Inter-level travel time spent in this place.
 D = Time resting spent in this place.
 E = Time spent auto-exploring this place.
 F = Levels seen in this place.
 G = Mean time per level.
                   A        B        C        D        E       F      G
               +--------+--------+--------+--------+--------+-----+--------+
         Total |   8244 |   8054 |    190 |   1590 |   4885 |   7 | 1177.7 |
       Dungeon |   6791 |   6601 |    190 |   1171 |   4065 |   6 | 1131.8 |
         Sewer |   1452 |   1452 |      0 |    419 |    820 |   1 | 1452.0 |
               +--------+--------+--------+--------+--------+-----+--------+

Top non-repeatable levels by time:
   Sewer: 1452 daAuts
     D:5: 1418 daAuts
     D:4: 1216 daAuts
     D:2: 1184 daAuts
     D:3: 1144 daAuts
     D:1: 1095 daAuts
     D:6: 732 daAuts
